 Dungeon Crawl Stone Soup version 0.31.0-12-g77e489cdc1 (webtiles) character file.

Game seed: 1423361909083989278

1471 cdecastro the Grappler (level 8, -11/88 HPs)
             Began as a Purple Draconian Shapeshifter on Feb 17, 2024.
             Was a Believer of Trog.
             Mangled by a boulder beetle (20 damage)
             ... on level 6 of the Dungeon.
             The game lasted 00:09:11 (5981 turns).

cdecastro the Grappler (DrSh)                       Turns: 5981, Time: 00:09:12

Health: -11/88     AC:  6    Str: 17    XL:     8   Next: 49%
Magic:  8/8        EV: 12    Int: 10    God:    Trog [**....]
Gold:   376        SH:  0    Dex: 13    Spells: 7/7 levels left

rFire   . .          .
                       - Unarmed
rCold   . . .        (no shield)
rNeg    . . .        (body armour unavailable)
rPois   .            (helmet currently unavailable)
rElec   .            (cloak currently unavailable)
rCorr   .            (gloves currently unavailable)
SInv    .            (boots currently unavailable)
Will    ++++.        (no amulet) Stlth
                     k - ring of willpower
HPRegen 1.34/turn    (no ring)
MPRegen 0.11/turn

%: no passive effects
@: berserking, beast-form, strong-willed, regenerating, very quick
A: beast (slay +3), breathe power, AC +6, unfitting armour, cold-blooded
a: Breathe Dispelling Energy, Begin Untransformation, Renounce Religion,
Berserk, Trog's Hand


You were on level 6 of the Dungeon.
You worshipped Trog.
Trog was pleased with you.
You were a hulking beast.
You visited 2 branches of the dungeon, and saw 7 of its levels.

You collected 376 gold pieces.

Inventory:

Armour
 t - a +0 pair of gloves
 z - a +0 pair of gloves
Jewellery
 k - a ring of willpower (left hand)
 w - a ring of ice
Talismans
 b - a beast talisman
 c - a flux talisman
Wands
 s - a wand of polymorph (5)
 v - a wand of flame (22)
 x - a wand of mindburst (7)
Scrolls
 d - 2 scrolls of revelation {unknown}
 h - a scroll of enchant armour {unknown}
 i - a scroll of fog {unknown}
 j - 2 scrolls of immolation {unknown}
 l - 4 scrolls of identify {unknown}
 n - 3 scrolls of teleportation {unknown}
 p - a scroll of vulnerability {unknown}
 q - a scroll of butterflies {unknown}
 r - a scroll of brand weapon {unknown}
 y - a scroll of fear {unknown}
 A - a scroll of blinking {unknown}
Potions
 a - 3 potions of lignification
 e - 2 potions of heal wounds {unknown}
 f - 5 potions of attraction {unknown}
 g - 4 potions of curing {unknown}
 m - a potion of resistance {unknown}
 o - 3 potions of ambrosia {unknown}
 u - a potion of mutation {unknown}


   Skills:
 - Level 1.1 Fighting
 - Level 1.7 Dodging
 * Level 9.2 Unarmed Combat
 + Level 6.3 Shapeshifting


You had 7 spell levels left.
You didn't know any spells.
Your spell library contained the following spells:

 Spells                   Type           Power      Damage    Failure   Level
 Freeze                   Ice            0%         1d3       36%         1
 Cigotuvi's Dreadful Rot  Necr/Alch/Air  0%         N/A       50%         2
 Dazzling Flash           Conj/Hex       0%         N/A       75%         3
 Frozen Ramparts          Ice            0%         1d1       75%         3
 Hailstorm                Conj/Ice       0%         3d5       75%         3
 Summon Ice Beast         Ice/Summ       0%         N/A       75%         3
 Volatile Blastmotes      Fire/Tloc      0%         2d10      75%         3
 Ignite Poison            Fire/Alch      0%         N/A       98%         4
 Freezing Cloud           Conj/Ice/Air   0%         6-21      100%        5
 Sculpt Simulacrum        Ice/Alch       0%         N/A       100%        6
 Starburst                Conj/Fire      0%         6d3       100%        6
 Maxwell's Capacitive Co  Air            0%         ∞         100%        8


Dungeon Overview and Level Annotations

Branches:
Dungeon (6/15)             Temple (1/1) D:4

Altars:
Ashenzari
Cheibriados
Dithmenos
Elyvilon
Fedhas
Gozag
Hepliaklqana
Makhleb
Nemelex Xobeh
Okawaru
Sif Muna
Trog
Uskayaw
Vehumet
Xom
Yredelemnul
Zin
The Shining One

Annotations:
D:4 exclusion: oklob plant


Innate Abilities, Weirdness & Mutations

You are a hulking beast.
Your limbs bulge with bestial killing power. (Slay +3)
You can breathe bolts of dispelling energy.
Your rich purple scales are hard. (AC +6)
You cannot fit into any form of body armour.
You are cold-blooded and may be slowed by cold attacks.


Message History

A boulder beetle is nearby!
A boulder beetle is nearby!
The boulder beetle curls into a ball and begins rolling!
You hit the boulder beetle but do no damage.
The boulder beetle hits you!
The boulder beetle stops rolling and uncurls.
You barely miss the boulder beetle. The boulder beetle bites you.
You hit the boulder beetle but do no damage.
The boulder beetle bites you!
* * * LOW HITPOINT WARNING * * *
You hit the boulder beetle.
The boulder beetle is lightly wounded.
The boulder beetle closely misses you.
You hit the boulder beetle but do no damage.
You tail-slap the boulder beetle. Your punch misses the boulder beetle.
The boulder beetle is lightly wounded.
The boulder beetle bites you!
* * * LOW HITPOINT WARNING * * *
You hit the boulder beetle but do no damage.
The boulder beetle is lightly wounded.
Your skin crawls.
You feel strong-willed. The boulder beetle barely misses you.
A red film seems to cover your vision as you go berserk!
You feel yourself moving faster!
You feel mighty! The boulder beetle bites you!!
* * * LOW HITPOINT WARNING * * *
You hit the boulder beetle but do no damage.
The boulder beetle is lightly wounded.
The boulder beetle bites you but does no damage.
You barely miss the boulder beetle.
The boulder beetle is lightly wounded.
The boulder beetle closely misses you.
You punch the boulder beetle!
You tail-slap the boulder beetle, but do no damage.
The boulder beetle is lightly wounded.
You hit the boulder beetle.
The boulder beetle is moderately wounded.
The boulder beetle bites you!!
You die...

######### #.......#
#.......# ####
#.......# #####...
####.......###.....#~
#..........'...#####~
####.#........#####
#~ #.......####### #~
..##..#hB.# ##
###+###.####### #
.<.....○......# #
......○.......#
>......°......#
<.............#
.##+#+#.......#
...........#
.###......##


You could see a boulder beetle.

Vanquished Creatures
  A black bear (D:5)
  An ogre (D:5)
  A centaur (D:5)
  A phantom (D:5)
  Blork the orc (D:4)
  A bullfrog (D:5)
  3 scorpions
  A wight (D:5)
  2 bombardier beetles
  3 jellies
  3 orc priests
  2 sleepcaps (D:5)
  5 iguanas
  4 orc wizards
  4 gnolls
  11 adders
  3 dart slugs
  5 ribbon worms
  20 orcs
  6 ball pythons
  11 endoplasms
  3 giant cockroaches
  8 goblins
  8 hobgoblins
  7 jackals (D:5)
  6 quokkas
  3 bats
  2 frilled lizards
  12 kobolds
  4 rats
142 creatures vanquished.

Notes
Turn   | Place    | Note
-------+----------+-------------------------------------------
     0 | D:1      | cdecastro the Draconian Shapeshifter began the quest for
                  | the Orb.
     0 | D:1      | Reached XP level 1. HP: 16/16 MP: 1/1
   179 | D:1      | Reached XP level 2. HP: 23/23 MP: 2/2
   772 | D:2      | Reached XP level 3. HP: 25/28 MP: 3/3
   795 | D:2      | Reached skill level 4 in Unarmed Combat
  1492 | D:3      | Reached XP level 4. HP: 35/35 MP: 4/4
  1766 | D:3      | Found a glowing golden altar of the Shining One.
  2107 | D:3      | Reached skill level 5 in Unarmed Combat
  2107 | D:3      | Reached XP level 5. HP: 36/40 MP: 5/5
  2403 | D:3      | Found a bloodstained altar of Trog.
  2409 | D:3      | Became a worshipper of Trog the Wrathful
  2842 | D:4      | Reached XP level 6. HP: 47/47 MP: 6/6
  2989 | D:4      | Found a staircase to the Ecumenical Temple.
  3005 | Temple   | Entered the Ecumenical Temple
  3114 | D:4      | Reached skill level 6 in Unarmed Combat
  3291 | D:4      | Reached * piety under Trog
  3578 | D:4      | Found a blossoming altar of Fedhas.
  3600 | D:4      | Noticed an oklob plant
  3889 | D:5      | Entered Level 5 of the Dungeon
  4252 | D:5      | Your scales start taking on a rich purple colour.
  4252 | D:5      | Reached XP level 7. HP: 52/52 MP: 7/7
  4263 | D:5      | Reached skill level 7 in Unarmed Combat
  4263 | D:5      | Reached skill level 5 in Shapeshifting
  4662 | D:5      | Reached skill level 8 in Unarmed Combat
  5031 | D:5      | Reached XP level 8. HP: 40/59 MP: 8/8
  5056 | D:5      | Noticed Blork the orc
  5132 | D:4      | Killed Blork the orc
  5206 | D:5      | Reached ** piety under Trog
  5566 | D:5      | Reached skill level 9 in Unarmed Combat
  5585 | D:5      | You fall into a shaft and drop 1 floor!
  5820 | D:6      | Found an opulent altar of Gozag.
  5961 | D:6      | Noticed a boulder beetle
  5981 | D:6      | Mangled by a boulder beetle

Illustrated notes

Levels and vault maps discovered:
D:1:      lightli_arrival_windingriver, layout_basic
D:2:      layout_basic, hex_large, grunt_ministairs_12
D:3:      layout_loops_cross, marbit_many_paths, tso_oasis_becter,
          chequers_serial_rivers_room_b, minmay_puff
D:4:      layout_loops_corners, tgw_fedhas, minmay_temple_entry_statues_pillars
D:5:      cheibrodos_fzero, layout_rooms, uniq_blork_the_orc
D:6:      wander_river, layout_basic, nicolae_gozag_seed_capital
Temple:   eino_temple_water

Skill      XL: |  1  2  3  4  5  6  7  8 |
---------------+-------------------------+-----
Unarmed Combat | 4 5 6 8 9 |  9.2
Shapeshifting  | 4 5 6 |  6.3
Fighting       | |  1.1
Dodging        | |  1.7

Action                     |  1- 3 |  4- 6 |  7- 9 || total
---------------------------+-------+-------+-------++-------
  Melee: Unarmed           |    92 |   178 |   116 ||   386
         Tailslap          |    17 |    17 |    20 ||    54
         Punch             |     1 |     7 |     6 ||    14
 Invoke: Berserk           |       |       |     2 ||     2
         Trog's Hand       |       |       |     1 ||     1
Ability: Breathe Dispellin |       |       |     2 ||     2
   Stab: Sleeping          |     1 |     3 |       ||     4
 Armour: Skin              |    33 |    88 |    85 ||   206
  Dodge: Dodged            |    53 |   126 |    58 ||   237
